[ AOE2 MATCH · #513529260 ]
UnrankedKoreans vs Civ #61
Player's team · WIN
Rival team · LOSS
[ REPLAY ANALYSIS · EXTRACTED FROM THE RECORDED GAME ]
Feudal
10:13
Castle
25:07
Imperial
39:56
| APM avg | 59.3 |
| APM peak | 76 |
| eAPM avg | 34.2 |
| Villagers / military | 148 / 97 |
Focus
⚔️ 43.1% · 🌾 56.9%
Archer ×30 · Skirmisher ×15 · Fire Lancer ×13 · Scout Cavalry ×11 · Spearman ×8 · Monk ×6
Feudal
8:52
Castle
26:20
Imperial
39:41
| APM avg | 79.0 |
| APM peak | 125 |
| eAPM avg | 26.5 |
| Villagers / military | 112 / 82 |
Focus
⚔️ 41.6% · 🌾 58.4%
Ballestero montado ×49 · Scout Cavalry ×23 · Trebuchet (Packed) ×5 · Spearman ×2 · Battering Ram ×2 · Monk ×1
Match map
Initial resources + every placement click. Lines = walls · curves = elevation contours. ◆ gold · ⬟ stone · ● berries · ✦ relic · ◌ wall gap
Your base· Open — opponent sealed themselves in
Bubbagump's base· ✓ Closed at 26:20 · 45t walls · 2 gate(s)
Smoothed initial terrain · ◌ = detected wall gap · hover for details
Inputs per minute
— Dimo - - Bubbagump
Build order — Dimo
First 150 of 470 actions detected
| 0:00 | Queue | Villager (Male) |
| 0:01 | Build | House |
| 0:02 | Build | House |
| 0:06 | Queue | Villager (Male) |
| 0:06 | Queue | Villager (Male) |
| 0:06 | Queue | Villager (Male) |
| 1:33 | Queue | Villager (Male) |
| 2:08 | Queue | Villager (Male) |
| 2:08 | Queue | Villager (Male) |
| 2:13 | Build | Barracks |
| 2:29 | Queue | Villager (Male) |
| 2:29 | Queue | Villager (Male) |
| 2:47 | Queue | Villager (Male) |
| 3:08 | Queue | Militia |
| 3:09 | Queue | Militia |
| 3:21 | Research | Loom |
| 3:41 | Build | House |
| 3:50 | Queue | Villager (Male) |
| 4:06 | Queue | Militia |
| 4:14 | Queue | Villager (Male) |
| 4:35 | Queue | Villager (Male) |
| 4:40 | Queue | Militia |
| 4:48 | Build | House |
| 4:57 | Queue | Villager (Male) |
| 5:26 | Queue | Villager (Male) |
| 5:33 | Queue | Villager (Male) |
| 5:40 | Queue | Villager (Male) |
| 6:40 | Queue | Villager (Male) |
| 6:57 | Queue | Villager (Male) |
| 7:01 | Build | Lumber Camp |
| 7:25 | Queue | Villager (Male) |
| 8:03 | Research | Feudal Age |
| 8:03 | Research | Feudal Age |
| 8:53 | Build | House |
| 8:58 | Build | House |
| 9:28 | Build | Mill |
| 9:52 | Queue | Villager (Male) |
| 10:13 | Age | Feudal Age |
| 10:15 | Build | Stable |
| 10:15 | Research | Double-Bit Axe |
| 10:23 | Build | House |
| 10:26 | Queue | Spearman |
| 10:33 | Queue | Villager (Male) |
| 10:34 | Build | Palisade Wall |
| 10:48 | Build | Farm |
| 10:50 | Build | Farm |
| 10:53 | Build | Farm |
| 11:01 | Queue | Villager (Male) |
| 11:07 | Build | Farm |
| 11:31 | Queue | Spearman |
| 11:37 | Build | Farm |
| 11:44 | Build | Farm |
| 11:55 | Build | Palisade Wall |
| 12:03 | Queue | Villager (Male) |
| 12:03 | Queue | Villager (Male) |
| 12:12 | Queue | Spearman |
| 12:21 | Queue | Spearman |
| 12:26 | Build | Farm |
| 12:32 | Queue | Villager (Male) |
| 12:32 | Queue | Villager (Male) |
| 12:57 | Build | Palisade Gate |
| 12:58 | Build | Palisade Wall |
| 12:59 | Build | Palisade Wall |
| 13:04 | Queue | Villager (Male) |
| 13:04 | Queue | Villager (Male) |
| 13:06 | Build | Farm |
| 13:20 | Build | House |
| 13:22 | Queue | Villager (Male) |
| 13:22 | Queue | Villager (Male) |
| 13:32 | Build | Farm |
| 13:40 | Build | Farm |
| 13:40 | Research | Horse Collar |
| 13:45 | Build | Palisade Wall |
| 13:46 | Build | Palisade Wall |
| 13:51 | Queue | Villager (Male) |
| 14:01 | Build | Farm |
| 14:03 | Queue | Villager (Male) |
| 14:05 | Queue | Scout Cavalry |
| 14:05 | Queue | Scout Cavalry |
| 14:11 | Queue | Spearman |
| 14:20 | Queue | Villager (Male) |
| 14:23 | Build | Farm |
| 14:37 | Queue | Scout Cavalry |
| 14:43 | Build | Farm |
| 14:51 | Queue | Villager (Male) |
| 14:55 | Build | Farm |
| 14:56 | Queue | Villager (Male) |
| 15:00 | Build | House |
| 15:20 | Queue | Villager (Male) |
| 15:21 | Build | Farm |
| 15:22 | Queue | Scout Cavalry |
| 15:23 | Build | House |
| 15:42 | Queue | Scout Cavalry |
| 15:53 | Queue | Scout Cavalry |
| 15:56 | Queue | Spearman |
| 16:02 | Queue | Villager (Male) |
| 16:03 | Build | Archery Range |
| 16:23 | Queue | Villager (Male) |
| 16:34 | Build | Farm |
| 16:35 | Queue | Villager (Male) |
| 16:42 | Queue | Scout Cavalry |
| 16:46 | Queue | Villager (Male) |
| 16:47 | Queue | Villager (Male) |
| 16:54 | Build | Farm |
| 16:55 | Build | Farm |
| 17:37 | Queue | Villager (Male) |
| 17:45 | Queue | Villager (Male) |
| 17:54 | Build | Mining Camp |
| 17:55 | Queue | Villager (Male) |
| 18:00 | Queue | Villager (Male) |
| 18:10 | Build | Palisade Wall |
| 18:14 | Build | House |
| 18:14 | Build | House |
| 18:19 | Queue | Villager (Male) |
| 18:22 | Build | Farm |
| 18:22 | Build | Farm |
| 18:41 | Queue | Scout Cavalry |
| 18:53 | Build | Palisade Gate |
| 18:54 | Build | Palisade Wall |
| 18:56 | Build | Palisade Wall |
| 19:04 | Build | House |
| 19:11 | Queue | Villager (Male) |
| 19:29 | Build | Palisade Wall |
| 19:30 | Build | House |
| 19:39 | Build | Farm |
| 19:40 | Build | Farm |
| 19:40 | Queue | Villager (Male) |
| 19:41 | Build | Palisade Wall |
| 19:53 | Queue | Scout Cavalry |
| 20:01 | Build | House |
| 20:07 | Queue | Scout Cavalry |
| 20:10 | Queue | Villager (Male) |
| 20:30 | Queue | Scout Cavalry |
| 20:41 | Queue | Villager (Male) |
| 21:08 | Build | Market |
| 21:11 | Queue | Spearman |
| 21:45 | Build | House |
| 21:45 | Build | Palisade Wall |
| 21:57 | Build | Palisade Wall |
| 21:57 | Build | Palisade Wall |
| 22:04 | Research | Castle Age |
| 22:34 | Build | Lumber Camp |
| 22:42 | Build | Barracks |
| 22:47 | Build | Palisade Wall |
| 22:52 | Build | Palisade Wall |
| 23:24 | Build | Blacksmith |
| 23:24 | Build | Palisade Wall |
| 23:30 | Queue | Villager (Male) |
| 23:35 | Build | Palisade Wall |
| 23:44 | Research | Gold Mining |
Build order — Bubbagump
First 150 of 328 actions detected
| 0:00 | Queue | Villager (Male) |
| 0:01 | Queue | Villager (Male) |
| 0:01 | Queue | Villager (Male) |
| 0:02 | Build | House |
| 0:03 | Build | House |
| 0:11 | Queue | Villager (Male) |
| 0:11 | Queue | Villager (Male) |
| 1:28 | Queue | Villager (Male) |
| 1:29 | Queue | Villager (Male) |
| 1:59 | Queue | Villager (Male) |
| 1:59 | Queue | Villager (Male) |
| 2:17 | Build | Lumber Camp |
| 2:28 | Queue | Villager (Male) |
| 2:33 | Queue | Villager (Male) |
| 2:33 | Queue | Villager (Male) |
| 3:16 | Queue | Villager (Male) |
| 3:30 | Queue | Villager (Male) |
| 3:42 | Build | House |
| 4:03 | Queue | Villager (Male) |
| 4:03 | Queue | Villager (Male) |
| 4:19 | Queue | Villager (Male) |
| 4:45 | Queue | Villager (Male) |
| 4:49 | Queue | Villager (Male) |
| 5:44 | Research | Loom |
| 6:03 | Queue | Villager (Male) |
| 6:10 | Build | Mill |
| 6:42 | Research | Feudal Age |
| 6:51 | Queue | Villager (Male) |
| 7:08 | Queue | Villager (Male) |
| 7:29 | Build | House |
| 7:40 | Build | Palisade Wall |
| 7:41 | Build | Palisade Wall |
| 7:43 | Build | Palisade Wall |
| 7:59 | Build | Barracks |
| 8:15 | Queue | Villager (Male) |
| 8:52 | Age | Feudal Age |
| 8:56 | Build | Stable |
| 9:10 | Build | Palisade Gate |
| 9:27 | Queue | Villager (Male) |
| 9:40 | Queue | Villager (Male) |
| 9:47 | Queue | Scout Cavalry |
| 10:20 | Queue | Scout Cavalry |
| 10:38 | Build | House |
| 10:44 | Queue | Spearman |
| 10:52 | Queue | Villager (Male) |
| 11:11 | Queue | Scout Cavalry |
| 11:29 | Build | House |
| 11:36 | Queue | Villager (Male) |
| 11:42 | Build | Farm |
| 11:44 | Build | House |
| 11:50 | Queue | Villager (Male) |
| 11:53 | Build | Farm |
| 12:01 | Queue | Scout Cavalry |
| 12:04 | Queue | Villager (Male) |
| 12:26 | Build | Farm |
| 12:28 | Build | Farm |
| 12:29 | Build | Farm |
| 12:35 | Build | Palisade Wall |
| 12:41 | Queue | Villager (Male) |
| 12:43 | Build | Farm |
| 12:45 | Build | House |
| 12:58 | Queue | Villager (Male) |
| 13:00 | Build | Farm |
| 13:10 | Queue | Scout Cavalry |
| 13:21 | Queue | Villager (Male) |
| 13:23 | Build | Farm |
| 13:28 | Build | Palisade Wall |
| 13:44 | Build | Farm |
| 13:48 | Queue | Scout Cavalry |
| 14:03 | Queue | Villager (Male) |
| 14:06 | Build | Farm |
| 14:07 | Build | Farm |
| 14:18 | Queue | Villager (Male) |
| 14:41 | Queue | Scout Cavalry |
| 14:47 | Queue | Villager (Male) |
| 14:48 | Build | Farm |
| 14:58 | Queue | Villager (Male) |
| 14:59 | Build | Farm |
| 15:00 | Build | Farm |
| 15:05 | Build | House |
| 15:13 | Queue | Villager (Male) |
| 15:22 | Queue | Scout Cavalry |
| 15:33 | Queue | Villager (Male) |
| 15:34 | Build | Blacksmith |
| 15:44 | Build | House |
| 15:59 | Queue | Scout Cavalry |
| 16:08 | Research | Bloodlines |
| 16:11 | Queue | Villager (Male) |
| 16:23 | Build | House |
| 16:30 | Queue | Villager (Male) |
| 16:38 | Build | Farm |
| 16:44 | Queue | Scout Cavalry |
| 16:46 | Build | Farm |
| 16:55 | Research | Double-Bit Axe |
| 16:58 | Build | House |
| 16:59 | Queue | Villager (Male) |
| 17:09 | Build | Farm |
| 17:12 | Queue | Scout Cavalry |
| 17:31 | Queue | Villager (Male) |
| 17:45 | Build | Farm |
| 17:53 | Build | Farm |
| 17:54 | Build | Farm |
| 18:03 | Queue | Villager (Male) |
| 18:05 | Build | Farm |
| 18:11 | Queue | Villager (Male) |
| 18:25 | Build | Palisade Wall |
| 18:27 | Queue | Scout Cavalry |
| 18:32 | Queue | Spearman |
| 18:34 | Build | Palisade Wall |
| 18:35 | Build | Palisade Wall |
| 18:37 | Build | Palisade Gate |
| 18:40 | Queue | Villager (Male) |
| 19:08 | Queue | Villager (Male) |
| 19:09 | Queue | Scout Cavalry |
| 19:38 | Queue | Scout Cavalry |
| 20:03 | Queue | Scout Cavalry |
| 20:09 | Queue | Villager (Male) |
| 20:10 | Queue | Scout Cavalry |
| 20:15 | Queue | Villager (Male) |
| 20:20 | Queue | Villager (Male) |
| 20:21 | Queue | Scout Cavalry |
| 20:30 | Build | Farm |
| 20:43 | Build | Farm |
| 20:45 | Build | Palisade Wall |
| 20:51 | Build | Palisade Wall |
| 20:53 | Build | Palisade Wall |
| 21:24 | Queue | Villager (Male) |
| 21:26 | Build | Palisade Wall |
| 21:49 | Queue | Villager (Male) |
| 21:52 | Queue | Villager (Male) |
| 22:08 | Build | Farm |
| 22:19 | Queue | Villager (Male) |
| 22:28 | Queue | Scout Cavalry |
| 22:38 | Build | Mining Camp |
| 22:46 | Queue | Scout Cavalry |
| 22:55 | Queue | Villager (Male) |
| 23:00 | Build | Palisade Gate |
| 23:06 | Build | Palisade Wall |
| 23:08 | Build | Palisade Wall |
| 23:40 | Research | Castle Age |
| 23:40 | Research | Castle Age |
| 23:43 | Build | Farm |
| 23:51 | Queue | Scout Cavalry |
| 24:10 | Build | Archery Range |
| 24:14 | Build | Lumber Camp |
| 24:18 | Queue | Scout Cavalry |
| 24:31 | Research | Fletching |
| 24:31 | Queue | Scout Cavalry |
| 24:45 | Build | Lumber Camp |
| 24:54 | Queue | Scout Cavalry |
Match timeline
| 2:13 | Dimo · first_building Barracks |
| 7:40 | Bubbagump · wall_segment Palisade Wall x2 |
| 7:41 | Bubbagump · wall_segment Palisade Wall x1 |
| 7:43 | Bubbagump · wall_segment Palisade Wall x1 |
| 7:59 | Bubbagump · first_building Barracks |
| 8:52 | Bubbagump · age_up feudal |
| 8:56 | Bubbagump · first_building Stable |
| 10:13 | Dimo · age_up feudal |
| 10:15 | Dimo · first_building Stable |
| 10:34 | Dimo · wall_segment Palisade Wall x12 |
| 11:55 | Dimo · wall_segment Palisade Wall x8 |
| 12:35 | Bubbagump · wall_segment Palisade Wall x4 |
| 12:58 | Dimo · wall_segment Palisade Wall x1 |
| 12:59 | Dimo · wall_segment Palisade Wall x1 |
| 13:28 | Bubbagump · wall_segment Palisade Wall x1 |
| 13:45 | Dimo · wall_segment Palisade Wall x4 |
| 13:46 | Dimo · wall_segment Palisade Wall x11 |
| 16:03 | Dimo · first_building Archery Range |
| 18:10 | Dimo · wall_segment Palisade Wall x1 |
| 18:25 | Bubbagump · wall_segment Palisade Wall x1 |
| 18:34 | Bubbagump · wall_segment Palisade Wall x1 |
| 18:35 | Bubbagump · wall_segment Palisade Wall x7 |
| 18:54 | Dimo · wall_segment Palisade Wall x1 |
| 18:56 | Dimo · wall_segment Palisade Wall x1 |
| 19:29 | Dimo · wall_segment Palisade Wall x1 |
| 19:41 | Dimo · wall_segment Palisade Wall x1 |
| 20:45 | Bubbagump · wall_segment Palisade Wall x4 |
| 20:51 | Bubbagump · wall_segment Palisade Wall x16 |
| 20:53 | Bubbagump · wall_segment Palisade Wall x2 |
| 21:26 | Bubbagump · wall_segment Palisade Wall x1 |
| 21:45 | Dimo · wall_segment Palisade Wall x1 |
| 21:57 | Dimo · wall_segment Palisade Wall x1 |
| 21:57 | Dimo · wall_segment Palisade Wall x2 |
| 22:47 | Dimo · wall_segment Palisade Wall x1 |
| 22:52 | Dimo · wall_segment Palisade Wall x14 |
| 23:06 | Bubbagump · wall_segment Palisade Wall x1 |
| 23:08 | Bubbagump · wall_segment Palisade Wall x1 |
| 23:16 | Dimo · first_market_buy 100 wood |
| 23:16 | Dimo · first_market_sell 100 food |
| 23:24 | Dimo · wall_segment Palisade Wall x3 |
| 23:35 | Dimo · wall_segment Palisade Wall x1 |
| 24:10 | Bubbagump · first_building Archery Range |
| 25:07 | Dimo · age_up castle |
| 25:27 | Dimo · first_building Monastery |
| 25:34 | Bubbagump · wall_segment Palisade Wall x1 |
| 25:36 | Bubbagump · wall_segment Palisade Wall x1 |
| 25:37 | Bubbagump · wall_segment Palisade Wall x1 |
| 26:20 | Bubbagump · age_up castle |
| 28:14 | Dimo · wall_segment Palisade Wall x1 |
| 28:37 | Dimo · first_building Siege Workshop |
| 29:41 | Bubbagump · first_building Siege Workshop |
| 33:34 | Dimo · wall_segment Stone Wall x13 |
| 34:30 | Bubbagump · first_building Castle |
| 35:58 | Dimo · first_building Castle |
| 36:30 | Bubbagump · first_market_buy 100 food |
| 36:30 | Bubbagump · first_market_sell 100 wood |
| 37:28 | Dimo · wall_segment Stone Wall x3 |
| 38:49 | Bubbagump · first_building Monastery |
| 39:41 | Bubbagump · age_up imperial |
| 39:56 | Dimo · age_up imperial |
| 41:05 | Dimo · wall_segment Stone Wall x6 |
| 43:05 | Dimo · wall_segment Stone Wall x1 |
| 44:26 | Bubbagump · resign |
[ AI ANALYSIS · 1 CREDIT ]
What really happened in this match?
Wolo.gg analyzes every decision: build order, eco, micro, common mistakes by bracket. Personalized analysis on WhatsApp or Discord in 30 seconds.
Civ guide
Koreans
Perfil
Jugador #6040432